 Dungeon Crawl Stone Soup version 0.24-a0-264-gf46a388 (console) character file.

Game seed: 7158444486230855952

21 Voker57 the Skirmisher (level 2, 0/24 HPs)
             Began as a Demonspawn Monk on Apr 20, 2019.
             Slain by Terence
             ... wielding a +0 short sword
              (5 damage)
             ... on level 2 of the Dungeon.
             The game lasted 00:00:37 (803 turns).

Voker57 the Skirmisher (Demonspawn Monk)             Turns: 803, Time: 00:00:37

Health: 0/24       AC:  4    Str: 11    XL:     2   Next: 62%
Magic:  2/2        EV: 13    Int: 11    God:
Gold:   73         SH:  0    Dex: 15    Spells: 1/1 levels left

rFire    . . .     SeeInvis .   a - +0 falchion
rCold    . . .     Gourm    .   (no shield)
rNeg     . . .     Faith    .   b - +0 robe
rPois    .         Spirit   .   (no helmet)
rElec    .         Reflect  .   (no cloak)
rCorr    .         Harm     .   (no gloves)
MR       .....                  (no boots)
Stlth    ++........             (no amulet)
HPRegen  0.08/turn              (no ring)
MPRegen  0.08/turn              (no ring)

@: no status effects
A: molten scales 1
a: no special abilities


You were on level 2 of the Dungeon.
You were not hungry.

You visited 1 branch of the dungeon, and saw 2 of its levels.

You collected 73 gold pieces.

Inventory:

Hand Weapons
 a - a +0 falchion (weapon)
Armour
 b - a +0 robe (worn)
Jewellery
 h - a +2 ring of evasion {unknown}
Scrolls
 f - a scroll of identify {unknown}
 i - a scroll of teleportation {unknown}
Potions
 d - a potion of might {unknown}
 e - a potion of degeneration {unknown}
 g - a potion of curing {unknown}
Comestibles
 c - 4 rations


   Skills:
 + Level 3.5 Fighting
 - Level 2.6 Long Blades
 + Level 3.2 Dodging
 - Level 1.7 Stealth


You had one spell level left.
You didn't know any spells.
Your spell library was empty.

Dungeon Overview and Level Annotations

Branches:
Dungeon (2/15)

Altars:
Ashenzari

Annotations:
D:2 Terence


Innate Abilities, Weirdness & Mutations

You are partially covered in molten scales. (AC +2)


Message History

You hit Terence but do no damage.
Terence is lightly wounded.
Terence hits you with a +0 short sword.
You hit Terence but do no damage.
Terence is lightly wounded.
Terence closely misses you. Terence barely misses you.
You riposte.
You hit Terence.
Terence is moderately wounded.
You closely miss Terence.
Terence is moderately wounded.
Terence hits you but does no damage.
You hit Terence.
Terence is moderately wounded.
Terence closely misses you.
You hit Terence but do no damage.
Terence is moderately wounded.
Terence hits you with a +0 short sword.
* * * LOW HITPOINT WARNING * * *
There is a stone staircase leading up here.
Terence hits you with a +0 short sword.
You die...

...# .#.. ...
..# #.## #..##
#...## #....####
########@.......
.......@........
..######........
#........
###.##### ..#
#.# .#


You could see Terence.

Vanquished Creatures
  A dart slug (D:1)
  2 bats (D:1)
  A giant cockroach (D:1)
  A goblin (D:1)
  A hobgoblin (D:1)
  3 jackals (D:1)
  2 kobolds (D:1)
  A ball python (D:1)
  2 frilled lizards (D:1)
  4 rats (D:1)
18 creatures vanquished.

Notes
Turn   | Place    | Note
-------+----------+-------------------------------------------
     0 | D:1      | Voker57 the Demonspawn Monk began the quest for the Orb.
     0 | D:1      | Reached XP level 1. HP: 18/18 MP: 1/1
   287 | D:1      | Gained mutation: You are partially covered in molten
                  | scales. (AC +2) [demonic ancestry]
   287 | D:1      | Reached XP level 2. HP: 24/24 MP: 2/2
   316 | D:1      | Found a shattered altar of Ashenzari.
   787 | D:2      | Noticed Terence
   803 | D:2      | Slain by Terence

Levels and vault maps discovered:
D:1:      nicolae_arrival_somewhat_less_tricky_arrival, layout_loops_ring,
          ashenzari_altar_1
D:2:      layout_rooms, old_standard_altar, st_stairs_6, uniq_terence,
          uniq_crazy_yiuf_cottage

Skill      XL: |  1 |
---------------+----+-----
Dodging        | 3 |  3.2
Fighting       | |  3.5
Long Blades    | |  2.6
Stealth        | |  1.7

Action                   || total
-------------------------++-------
Melee: Falchion          ||    52
 Stab: Sleeping          ||     2
Armor: Robe              ||    21
Dodge: Dodged            ||    49
       Rpst.: Falchion   ||    19

Table legend:
 A = Non-vault XP
 B = Vault XP
 C = Vault XP percentage of total XP
 D = Non-vault monster count
 E = Vault monster count
 F = Vault count percentage of total count
                 A         B        C        D         E       F
            +---------+---------+-------+---------+---------+-------
      Total |      30 |       0 |   0.0 |      18 |       0 |   0.0
            +---------+---------+-------+---------+---------+-------
        D:1 |      30 |       0 |   0.0 |      18 |       0 |   0.0
            +---------+---------+-------+---------+---------+-------
